 Dungeon Crawl Stone Soup version 0.29-a0-453-gf113fcf677 (webtiles) character file.

Game seed: 12297784076322009737

89 Bruhh the Twirler (level 4, -1/44 HPs)
             Began as an Ogre Gladiator on May 20, 2022.
             Slain by a gnoll
             ... wielding a +0 halberd
              (9 damage)
             ... on level 3 of the Dungeon.
             The game lasted 00:03:09 (2072 turns).

Bruhh the Twirler (Ogre Gladiator)                  Turns: 2072, Time: 00:03:10

Health: -1/44      AC:  3    Str: 20    XL:     4   Next: 55%
Magic:  4/4        EV: 10    Int:  9    God:
Gold:   86         SH:  0    Dex: 10    Spells: 3/3 levels left

rFire   . . .      SeeInvis .   a - +0 quarterstaff
rCold   . . .      Faith    .   (shield currently unavailable)
rNeg    . . .      Spirit   .   b - +0 robe
rPois   .          Reflect  .   c - +0 hat
rElec   .          Harm     .   (no cloak)
rCorr   .          Rampage  .   (gloves unavailable)
Will    .....                   (boots unavailable)
Stlth   +.........              (no amulet)
HPRegen 0.14/turn               (no ring)
MPRegen 0.09/turn               (no ring)

@: mighty
A: large, unfitting armour, tough skin 1
a: no special abilities


You were on level 3 of the Dungeon.
You visited 1 branch of the dungeon, and saw 3 of its levels.

You collected 86 gold pieces.

Inventory:

Hand Weapons
 a - a +0 quarterstaff (weapon)
Missiles
 d - 3 throwing nets (quivered)
 e - a large rock
Armour
 b - a +0 robe (worn)
 c - a +0 hat (worn)
Jewellery
 q - a ring of magical power
 s - a ring of positive energy
Wands
 u - a wand of mindburst (21)
Scrolls
 f - a scroll of fog {unknown}
 h - a scroll of identify {unknown}
 k - a scroll of summoning {unknown}
 n - 2 scrolls of enchant weapon {unknown}
 o - a scroll of fear {unknown}
 r - a scroll of enchant armour {unknown}
 t - 3 scrolls of teleportation {unknown}
Potions
 g - a potion of degeneration {unknown}
 i - a potion of curing {unknown}
 j - a potion of flight {unknown}
 l - a potion of ambrosia {unknown}
 m - a potion of might
 p - a potion of heal wounds {unknown}


   Skills:
 - Level 2.6 Fighting
 + Level 5.2 Staves
 - Level 2.0 Throwing
 - Level 2.6 Dodging


You had 3 spell levels left.
You didn't know any spells.
Your spell library contained the following spells:

 Spells                   Type           Power      Damage    Failure   Level
 Sublimation of Blood     Necr           0%         N/A       52%         2
 Wereblood                Tmut           0%         N/A       52%         2
 Summon Hydra             Summ           0%         N/A       100%        7


Dungeon Overview and Level Annotations

Branches:
Dungeon (3/15)

Altars:

Annotations:
D:3 Robin


Innate Abilities, Weirdness & Mutations

You are too large for most types of armour.
You have tough skin. (AC +1)


Message History

You hear a shout!
You hit the goblin.
You kill the goblin!
You closely miss the goblin. The gnoll hits you but does no damage.
A goblin comes into view. It is wielding a +0 dagger.
The goblin hits you with a +0 dagger.
You sock the goblin!
You kill the goblin!
The gnoll misses you.
A goblin comes into view. It is wielding a +0 club.
The goblin shouts!
You hear a shout!
The gnoll closely misses you.
A goblin comes into view. It is wielding a +0 club.
Robin roars a battlecry!
The goblin goes into a battle-frenzy!
Items here: ))) †.
The gnoll hits you from afar with a +0 halberd!
Robin hits you from afar with a +0 trident.
Robin throws the goblin at you!
Things that are here:
a +0 dagger; a +0 leather armour The goblin attacks as you move away!
The goblin closely misses you. Robin throws the goblin at you!
The goblin barely misses you. The goblin hits you with a +0 club.
* * * LOW HITPOINT WARNING * * *
The goblin no longer looks unusually strong.
The goblin attacks as you move away! The goblin hits you with a +0 club.
* * * LOW HITPOINT WARNING * * *
The goblin attacks as you move away! The goblin hits you with a +0 dagger.
* * * LOW HITPOINT WARNING * * *
The goblin attacks as you move away! The goblin hits you but does no damage.
The goblin attacks as you move away! The goblin closely misses you.
It was a potion of might.
You feel very mighty all of a sudden.
The goblin no longer looks unusually strong.
The goblin barely misses you.
You barely miss the goblin.
The gnoll hits you from afar with a +0 halberd!
You die...

#......#....#....
#.#....#.##.#....
#.(....#.##.#..##
###.##.#.#..#..# #.##.#.##.#..##
################..#.........#^
#.................#########.#.
####.###†....g.#g....### #.......
...†.........gg.@................
####.###.#####g#.###.####..#...#.
#.).#.# #.#.# ... #. #.#.#<
#.#g#.# #.#.# ###.# #.#.#.
######g#g#####.#.# # ......
.................. .......
######.#######.#.# ## ##.## #..
..#.# .. #.g#


You could see Robin, 2 gnolls and 2 goblins.

Vanquished Creatures
  4 adders
  2 worms (D:2)
  A dart slug (D:1)
  6 ball pythons
  3 endoplasms
  3 giant cockroaches
  6 goblins
  5 hobgoblins
  5 kobolds
  A quokka (D:1)
  5 bats
  4 frilled lizards
  2 rats (D:1)
47 creatures vanquished.

Notes
Turn   | Place    | Note
-------+----------+-------------------------------------------
     0 | D:1      | Bruhh the Ogre Gladiator began the quest for the Orb.
     0 | D:1      | Reached XP level 1. HP: 22/22 MP: 1/1
   143 | D:1      | Reached XP level 2. HP: 25/29 MP: 2/2
   732 | D:1      | Reached skill level 4 in Staves
   827 | D:1      | Reached XP level 3. HP: 26/36 MP: 3/3
  1330 | D:2      | Found a faded altar of an unknown god.
  1334 | D:2      | Reached XP level 4. HP: 44/44 MP: 4/4
  1703 | D:3      | Reached skill level 5 in Staves
  2044 | D:3      | Noticed Robin
  2072 | D:3      | Slain by a gnoll

Illustrated notes

Levels and vault maps discovered:
D:1:      matt_arrival_los_fun, layout_loops_ring
D:2:      layout_basic, shapermc_ecumenical_altar_notcrosses
D:3:      layout_basic, nicolae_overflow_squiral, uniq_robin, uniq_grinder,
          uniq_natasha, uniq_jessica, uniq_ijyb

Skill      XL: |  1  2  3  4 |
---------------+-------------+-----
Staves         | 4 5 |  5.2
Fighting       | |  2.6
Throwing       | |  2.0
Dodging        | |  2.6

Action                   |  1- 3 |  4- 6 || total
-------------------------+-------+-------++-------
Melee: Quarterstaff      |    92 |    43 ||   135
  Use: Potion            |       |     1 ||     1
Armor: Robe              |    36 |    13 ||    49
Dodge: Dodged            |    49 |    25 ||    74

Table legend: (Time is in decaauts)
 A = Elapsed time spent in this place.
 B = Non-inter-level travel time spent in this place.
 C = Inter-level travel time spent in this place.
 D = Time resting spent in this place.
 E = Time spent auto-exploring this place.
 F = Levels seen in this place.
 G = Mean time per level.
                   A        B        C        D        E       F      G
               +--------+--------+--------+--------+--------+-----+--------+
         Total |   2084 |   2069 |     15 |      0 |   1729 |   3 |  694.7 |
       Dungeon |   2084 |   2069 |     15 |      0 |   1729 |   3 |  694.7 |
               +--------+--------+--------+--------+--------+-----+--------+

Top non-repeatable levels by time:
     D:1: 1006 daAuts
     D:2: 680 daAuts
     D:3: 396 daAuts
